Map: Fields of Shazir

Players

AllechCortes

  • Race: Terran Terran
  • League: Silver
  • Spawn Location: 9:00

Turkeyleg

  • Race: Zerg Zerg
  • Spawn Location: 7:00

NewbyNew

  • Race: Zerg Zerg
  • Spawn Location: 9:00

Metasapien

  • Race: Zerg Zerg
  • Spawn Location: 5:00

Loki

  • Race: Terran Terran
  • Spawn Location: 3:00

ANDROID

  • Race: Terran Terran
  • Spawn Location: 3:00

VOD

Have the link to the VOD?

Description

Time

  • Played on: Aug. 15, 2017, 9:48 p.m.
  • Length: 19:49
Show
View Real Time Build Order
Export as new Build Order

AllechCortes Terran 

Build Orders: MMM Bio 

Get SALT Encoding   

  12  0:21  SCV  
  13  0:30  Supply Depot  
  13  0:31  Refinery  
  13  0:33  SCV  
  14  0:46  SCV  
  15  0:54  Supply Depot  
  15  0:55  Barracks  
  15  0:58  SCV  
  16  1:10  SCV  
  17  1:44  Supply Depot  
  17  1:47  Barracks  
  17  1:50  Factory  
  17  1:51  Marine  
  18  2:06  Engineering Bay  
  18  2:09  Marine  
  18  2:12  Refinery  
  19  2:26  Marine  
  20  2:33  Terran Infantry Weapons Level 1  
  20  2:41  Marine  
  20  2:42  Factory Tech Lab  
  21  2:50  SCV  
  22  2:53  Barracks Tech Lab  
  22  3:00  Barracks Reactor  
  22  3:02  SCV  
  26  3:20  Siege Tank  
  26  3:24  SCV  
  27  3:36  SCV  
  28  3:41  Stimpack  
  28  3:45  Marine, Marauder  
  28  3:48  Marine, SCV  
  33  4:10  Marine  
  33  4:11  Marine  
  33  4:12  Marauder  
  37  4:23  Supply Depot  
  37  4:43  Marine x2  
  37  4:44  Siege Tank  
  37  4:45  Marauder  
  44  4:46  Terran Infantry Armor Level 1  
  44  5:16  Orbital Command  
  35  5:45  Marine  
  35  5:46  Marine  
  35  5:47  Combat Shields, Marauder  
  39  5:50  SCV  
  39  5:51  Widow Mine  
  42  6:03  Marine x2  
  44  6:07  Marine  
  45  6:14  Command Center  
  45  6:33  Supply Depot  
  45  6:47  Starport  
  45  6:50  Armory  
  45  6:55  Widow Mine  
  45  6:59  Supply Depot  
  47  7:28  Refinery  
  28  8:16  Marine x2  
  28  8:18  Marauder  
  28  8:19  Siege Tank  
  32  8:20  Starport Tech Lab  
  32  8:22  Terran Vehicle Weapons Level 1  
  32  8:23  Terran Infantry Weapons Level 2  
  32  8:27  SCV  
  33  8:34  Marine x2  
  33  8:36  Supply Depot  
  33  8:39  SCV  
  36  8:42  Marauder  
  36  8:46  Concussive Shells  
  38  8:51  SCV  
  38  8:52  Marine x2  
  41  9:04  SCV  
  41  9:09  Marine  
  42  9:10  Marine  
  42  9:16  SCV  
  45  9:21  Marauder  
  47  9:26  Siege Tank  
  47  9:27  Marine  
  47  9:28  Marine, SCV  
  53  9:40  SCV  
  53  9:45  Marine  
  54  9:46  Marine  
  54  9:52  SCV  
  57  9:58  Widow Mine  
  57  9:59  Viking  
  61  10:04  SCV  
  62  10:26  Widow Mine  
  64  10:55  Viking  
  66  10:57  Thor  
  66  10:58  Marine x2  
  72  11:25  Medivac  
  72  11:29  Marine x2  
  72  11:30  Marauder  
  78  12:06  Supply Depot  
  78  12:26  SCV  
  79  12:38  SCV  
  80  12:47  Widow Mine  
  80  12:50  Marine x2  
  84  12:51  Marauder  
  84  12:53  Viking  
  88  13:00  Barracks x2  
  88  13:06  Factory  
  88  13:07  Starport  
  88  13:14  Terran Infantry Armor Level 2  
  88  13:16  Terran Vehicle And Ship Armor Level 1, Marine  
  88  13:17  Marine  
  88  13:18  Marauder  
  88  13:19  Thor  
  98  13:23  Raven  
  100  13:51  Barracks Tech Lab  
  100  13:53  Barracks Reactor, Factory Tech Lab, Starport Reactor  
  100  13:58  Refinery  
  100  13:59  SCV  
  101  14:06  Medivac  
  103  14:22  Supply Depot  
  103  14:25  Supply Depot  
  103  14:44  Marine x2  
  105  14:47  Medivac, Marauder  
  105  14:48  Medivac  
  105  14:50  Thor  
  117  14:54  Orbital Command  
  115  15:17  Terran Ship Weapons Level 1, Viking  
  115  15:18  Viking  
  119  15:28  Command Center  
  119  15:37  Marine  
  119  15:38  Marine  
  119  15:39  Widow Mine  
  123  15:45  Medivac  
  125  16:56  Viking x2  
  125  16:59  Widow Mine  
  133  17:01  Marine x2, Marauder  
  133  17:03  Marine, Marauder  
  133  17:05  Marine  
  139  17:10  Widow Mine  
  141  17:20  Refinery  
  141  17:22  Orbital Command  
  141  17:23  Refinery  
  141  17:41  Supply Depot  
  141  17:42  Supply Depot  
  141  18:02  Viking x3  
  141  18:03  Marine x2, Widow Mine, SCV, Marauder  
  141  18:05  Marine, Marauder  
  157  18:20  Marine  
  157  18:23  Thor  
  141  19:06  Marine x2  
  141  19:07  Marauder  
  141  19:08  Viking x2  
  141  19:09  Siege Tank  
Show
View Real Time Build Order
Export as new Build Order

Turkeyleg Zerg 

Build Orders: Hatch First, Lurkers 

Get SALT Encoding   

  12  0:03  Drone  
  13  0:29  Drone  
  14  0:47  Hatchery  
  13  0:55  Spawning Pool  
  13  0:56  Drone  
  13  1:05  Overlord  
  13  1:13  Drone  
  14  1:24  Extractor  
  13  1:28  Drone x2  
  13  1:30  Extractor  
  14  1:55  Drone  
  14  1:57  Drone  
  16  2:01  Drone  
  17  2:09  Hatchery  
  17  2:14  Queen  
  18  2:25  Drone  
  18  2:26  Drone  
  20  2:31  Drone  
  20  2:32  Drone  
  20  2:36  Drone  
  23  3:08  Zergling x4  
  23  3:09  Zergling x6  
  23  3:11  Metabolic Boost  
  28  3:20  Overlord x2  
  28  3:29  Drone x2  
  28  3:31  Drone  
  28  3:33  Drone  
  32  3:51  Drone x4  
  32  3:55  Zergling x4  
  38  3:58  Zergling x2  
  39  4:12  Extractor  
  38  4:17  Extractor  
  37  5:03  Queen  
  31  5:44  Lair  
  31  5:56  Drone x3  
  31  5:57  Drone x5  
  36  5:58  Drone x7  
  46  6:27  Drone x4  
  46  6:29  Overlord x4  
  50  7:05  Drone  
  50  7:06  Drone x6  
  50  7:07  Drone x2  
  59  7:12  Extractor  
  59  7:15  Extractor  
  57  7:22  Queen  
  59  7:33  Infestation Pit  
  59  7:36  Hydralisk Den  
  57  7:42  Overseer  
  51  8:02  Zergling x14  
  51  8:03  Zergling x10  
  61  8:09  Muscular Augments  
  61  8:13  Hydralisk x3  
  65  8:46  Hydralisk  
  65  8:48  Overlord x6  
  59  9:13  Hydralisk x3  
  59  9:14  Hydralisk  
  61  9:34  Hydralisk x3  
  61  9:35  Hydralisk  
  51  10:31  Hydralisk  
  51  10:32  Hydralisk x5  
  51  11:05  Extractor  
  51  11:06  Hydralisk x5  
  51  11:07  Hydralisk  
  62  11:21  Lurker Den  
  62  11:26  Hatchery  
  61  11:39  Overseer x2  
  61  11:42  Overlord x5  
  61  11:43  Overlord  
  61  11:59  Hatchery  
  60  12:02  Hive  
  60  12:05  Pneumatized Carapace  
  60  12:11  Hydralisk x2  
  60  12:12  Hydralisk x2  
  68  12:29  Hydralisk x4  
  76  12:42  Hydralisk x2  
  80  12:46  Queen  
  82  12:55  Hydralisk x4  
  90  13:03  Queen  
  76  14:15  Hydralisk x5  
  76  14:16  Hydralisk x7  
  94  14:44  Lurker x5  
  99  14:46  Lurker  
  100  15:01  Overlord x5  
  100  15:03  Hydralisk x4  
  100  15:04  Hydralisk x6  
  120  15:22  Evolution Chamber  
  120  15:23  Evolution Chamber  
  118  16:01  Overseer x3  
  118  16:04  Adrenal Glands  
  118  16:08  Hydralisk  
  118  16:09  Hydralisk x6  
  118  16:10  Hydralisk x5  
  142  16:20  Extractor  
  142  16:24  Extractor  
  140  16:34  Zerg Missile Weapons Level 1, Zerg Ground Armor Level 1  
  63  18:00  Hydralisk x3  
  63  18:01  Hydralisk x8  
  63  18:02  Hydralisk x6  
  79  18:45  Queen  
  81  18:50  Hydralisk x5  
  81  18:51  Hydralisk x6  
  81  18:52  Hydralisk  
Show
View Real Time Build Order
Export as new Build Order

NewbyNew Zerg 

Build Orders: Pool First, Swarm Host 

Get SALT Encoding   

  12  0:02  Drone  
  13  0:09  Drone  
  14  0:30  Spawning Pool  
  14  0:31  Drone  
  14  0:37  Extractor, Drone  
  14  0:42  Extractor  
  13  0:43  Drone  
  14  0:53  Overlord  
  14  1:17  Zergling x2  
  14  1:18  Zergling x4  
  17  1:26  Queen  
  17  1:31  Zergling x2  
  20  1:42  Drone  
  21  1:48  Metabolic Boost  
  21  1:54  Drone  
  22  2:43  Overlord x2  
  19  3:14  Drone x3  
  22  3:21  Lair  
  22  3:24  Spine Crawler  
  21  3:31  Spine Crawler  
  20  3:38  Drone  
  20  3:39  Drone  
  22  3:47  Spore Crawler  
  21  3:56  Drone  
  22  4:09  Drone x2  
  24  4:26  Spine Crawler  
  23  4:36  Drone x3  
  23  4:37  Drone  
  27  5:14  Infestation Pit  
  27  5:18  Spine Crawler  
  25  5:28  Overlord x2  
  25  5:29  Overlord  
  25  5:49  Hatchery  
  24  6:05  Queen  
  26  6:12  Nydus Network  
  26  6:13  Swarm Host  
  26  6:14  Swarm Host x4  
  40  6:39  Swarm Host  
  40  6:40  Swarm Host x2  
  40  6:41  Overseer x2  
  49  6:48  Overseer  
  49  7:02  Drone  
  50  7:20  Queen, Drone  
  53  7:28  Hatchery  
  52  7:40  Drone x2  
  52  7:42  Drone  
  52  7:43  Drone  
  56  8:10  Swarm Host x3  
  65  8:12  Overlord  
  65  8:29  Overlord  
  65  8:30  Overlord  
  65  8:54  Zergling x14  
  72  8:56  Drone  
  72  8:57  Drone x3  
  72  9:02  Drone x2  
  78  9:03  Drone  
  79  9:20  Spore Crawler  
  79  9:22  Spore Crawler  
  77  9:27  Spore Crawler  
  77  9:28  Queen  
  77  9:30  Spore Crawler  
  77  9:37  Spore Crawler  
  76  9:39  Spore Crawler  
  76  9:40  Extractor  
  76  9:42  Extractor  
  73  10:02  Swarm Host x4  
  85  10:12  Drone x2  
  80  10:15  Drone  
  80  10:16  Drone x2  
  83  10:23  Drone  
  83  10:24  Drone  
  84  10:56  Nydus Canal  
  84  11:01  Swarm Host x2  
  84  11:03  Overlord  
  90  11:06  Overlord  
  90  11:11  Extractor  
  90  11:14  Extractor  
  88  11:21  Swarm Host x3  
  88  11:24  Swarm Host  
  88  11:25  Swarm Host x2  
  106  11:30  Overlord  
  106  11:53  Nydus Canal  
  106  12:10  Overlord x2  
  106  12:11  Overlord  
  106  12:18  Overlord x4  
  106  12:25  Nydus Canal  
  106  12:41  Evolution Chamber  
  106  12:43  Evolution Chamber  
  104  13:07  Nydus Canal  
  104  13:13  Swarm Host  
  104  13:14  Swarm Host x4  
  104  13:16  Swarm Host  
  113  13:29  Nydus Canal  
  110  13:55  Swarm Host  
  110  13:56  Swarm Host x2  
  110  14:01  Drone  
  110  14:02  Drone x5  
  125  14:13  Nydus Canal  
  125  14:34  Nydus Canal  
  125  14:56  Nydus Canal  
  125  15:26  Nydus Canal  
  125  15:34  Spore Crawler  
  125  15:35  Spore Crawler  
  123  15:40  Drone  
  123  15:41  Spore Crawler  
  123  15:43  Queen  
  123  15:44  Spore Crawler, Drone  
  123  15:45  Spore Crawler, Queen, Drone x4  
  123  15:47  Drone x7  
  137  16:18  Nydus Canal  
  134  16:34  Swarm Host x3  
  134  16:37  Swarm Host  
  134  16:39  Zerg Missile Weapons Level 1, Zerg Ground Armor Level 1  
  146  16:40  Overlord x4  
  134  16:49  Nydus Canal  
  134  16:58  Swarm Host x5  
  149  17:02  Overlord  
  149  17:29  Nydus Canal  
  147  17:46  Nydus Canal  
  141  18:15  Swarm Host x9  
  141  18:16  Swarm Host x2  
  141  18:17  Swarm Host  
  141  18:18  Swarm Host x3  
  186  18:22  Spire  
  185  18:28  Nydus Canal  
  185  18:47  Nydus Canal  
  185  19:21  Nydus Canal  
Show
View Real Time Build Order
Export as new Build Order

Metasapien Zerg 

Build Orders: Hatch First 

Get SALT Encoding   

  12  0:01  Drone  
  13  0:14  Overlord  
  13  0:18  Drone  
  14  0:33  Drone x2  
  16  1:05  Hatchery  
  16  1:07  Spawning Pool  
  16  1:10  Drone  
  15  1:15  Extractor  
  14  1:23  Drone  
  14  1:24  Drone  
  14  1:25  Drone  
  17  1:53  Drone  
  18  1:56  Drone  
  18  1:57  Queen  
  21  2:01  Overlord  
  21  2:10  Spine Crawler  
  20  2:16  Zergling x2  
  20  2:19  Zergling x4  
  23  2:28  Drone  
  24  2:31  Drone  
  25  2:44  Spine Crawler  
  25  2:45  Queen  
  26  3:05  Drone x2  
  26  3:06  Drone  
  28  3:18  Drone x5  
  28  3:19  Overlord  
  33  3:21  Metabolic Boost  
  33  3:28  Extractor  
  32  3:45  Extractor, Lair  
  31  3:48  Extractor  
  31  3:53  Drone x2  
  31  3:54  Drone  
  33  3:58  Drone x3  
  36  4:06  Drone x2  
  36  4:07  Drone  
  39  4:20  Drone  
  40  4:45  Hatchery  
  39  5:29  Spire  
  39  5:32  Hydralisk Den  
  37  5:43  Hatchery  
  36  5:54  Drone x2  
  36  5:55  Drone x3  
  36  5:56  Overlord x2  
  41  6:00  Overseer  
  41  6:08  Muscular Augments  
  41  6:12  Queen  
  41  6:14  Drone x2  
  41  6:16  Overseer  
  45  6:19  Pneumatized Carapace  
  45  6:22  Drone  
  45  6:24  Hydralisk  
  45  6:25  Overlord x3, Hydralisk x2  
  48  6:26  Hydralisk  
  54  6:45  Drone  
  54  6:46  Drone  
  56  6:48  Drone  
  56  6:49  Drone x2  
  59  6:55  Spore Crawler  
  58  7:03  Spore Crawler  
  57  7:17  Mutalisk x2, Overlord x2  
  57  7:18  Mutalisk x5  
  71  7:29  Queen  
  72  8:06  Hydralisk  
  72  8:07  Hydralisk x4  
  72  8:08  Mutalisk x4, Hydralisk x3  
  96  8:19  Drone x3  
  99  8:21  Drone x4  
  86  9:25  Corruptor  
  86  9:26  Hydralisk x2, Corruptor x3  
  86  9:27  Hydralisk x4, Corruptor x3  
  86  9:29  Overlord x3  
  110  10:15  Evolution Chamber  
  110  10:16  Evolution Chamber  
  110  10:21  Zerg Flyer Weapons Level 1  
  108  10:23  Infestation Pit, Drone x3  
  108  10:24  Drone x2  
  112  10:36  Hatchery  
  111  10:43  Hatchery  
  110  10:51  Overlord  
  110  10:52  Overlord x3  
  104  11:25  Hive  
  104  11:30  Zerg Missile Weapons Level 1, Zerg Ground Armor Level 1  
  104  11:41  Nydus Network  
  103  11:53  Overseer  
  103  12:28  Hydralisk x5  
  103  12:29  Corruptor x3  
  113  12:30  Corruptor x4  
  127  12:48  Drone x2  
  129  12:56  Drone x3  
  129  12:57  Drone x3  
  135  13:19  Hydralisk  
  135  13:20  Hydralisk x17  
  167  14:00  Overlord x4  
  167  14:01  Overlord x2  
  163  14:22  Nydus Canal  
  163  14:51  Nydus Canal  
  163  14:52  Drone x2  
  165  14:53  Drone  
  165  14:55  Drone  
  167  15:20  Extractor  
  166  15:22  Extractor, Greater Spire  
  165  15:57  Spire  
  159  16:10  Nydus Canal  
  145  17:09  Drone x4  
  145  17:11  Mutalisk x2, Corruptor x3  
  155  17:38  Corruptor  
  155  17:39  Hydralisk x4, Corruptor x3  
  109  17:58  Zergling x2  
  109  17:59  Zergling x32  
  59  18:35  Drone x2  
  59  18:36  Drone x5  
  59  18:38  Zergling x2  
  59  18:39  Zergling x8  
  50  19:14  Overlord, Hydralisk x3  
Show
View Real Time Build Order
Export as new Build Order

Loki Terran 

Build Orders:  

Get SALT Encoding   

  12  0:16  SCV  
  13  0:28  SCV  
  13  0:32  Supply Depot  
  14  0:40  SCV  
  15  0:54  SCV  
  15  0:55  Barracks  
  16  1:07  Barracks  
  16  1:09  SCV  
  17  1:13  Supply Depot  
  17  1:16  Refinery  
  17  1:21  SCV  
  18  1:41  Supply Depot  
  18  1:50  Supply Depot  
  18  2:09  Supply Depot  
  17  2:17  Marine  
  16  2:26  Marine  
  16  2:35  Marine  
  17  2:51  Barracks Tech Lab  
  15  2:52  Marine  
  16  3:10  Marine x2  
  18  3:15  Supply Depot  
  18  3:24  Orbital Command  
  18  3:27  Marine  
  18  3:28  Marine  
  18  3:30  Command Center  
  20  3:45  Marine  
  20  3:46  Marine  
  22  3:57  Factory  
  22  4:03  Marine  
  22  4:04  Marine  
  24  4:21  Marine  
  24  4:24  Marine  
  26  4:34  Engineering Bay  
  26  4:39  Marauder  
  26  4:42  Marine  
  26  4:43  Refinery  
  29  5:16  Marine x2  
  31  5:23  Factory Tech Lab  
  31  5:25  Supply Depot  
  31  5:33  Marine x2  
  34  5:50  SCV  
  34  5:51  Marine x2  
  36  6:09  Marine  
  36  6:10  Marauder  
  39  6:15  Siege Tank  
  42  6:24  Missile Turret  
  42  6:27  Marine  
  42  6:30  Marine  
  44  6:34  Missile Turret  
  44  6:44  Orbital Command  
  44  6:45  Marine  
  45  7:09  Marine  
  45  7:10  Marauder  
  45  7:14  SCV x2  
  50  7:27  Marine  
  51  7:31  Marine  
  52  7:45  Marine  
  52  7:49  Marine  
  39  8:16  Marine x2  
  41  8:21  Siege Tank  
  41  8:25  SCV x2  
  46  8:34  Marine x2  
  46  8:35  Command Center  
  46  8:37  SCV x2  
  50  8:49  SCV  
  50  8:50  SCV  
  50  8:52  Marine x2  
  50  8:53  Siege Tank  
  57  9:06  Terran Infantry Weapons Level 1  
  57  9:08  Starport, SCV x2  
  57  9:09  Marine  
  59  9:10  Marine  
  61  9:20  SCV  
  62  9:27  Marine  
  62  9:28  Marine  
  64  9:45  Marine x2  
  66  10:03  Marine  
  51  10:36  Marine  
  51  10:37  Marauder  
  53  10:52  Liberator  
  53  10:54  Marine  
  44  10:57  Marine  
  44  11:03  Siege Tank  
  49  11:12  Marine  
  49  11:15  Marine  
  51  11:18  Supply Depot  
  51  11:29  Marine  
  52  11:33  Marine  
  52  11:35  Siege Tank  
  53  11:47  Marine  
  53  11:51  Marine  
  55  12:05  Marine  
  56  12:09  Marauder  
  58  12:51  Orbital Command  
  58  13:07  Starport  
  58  13:09  Orbital Command  
  58  13:17  Orbital Command  
  58  14:01  SCV  
  59  14:08  SCV  
  59  14:09  Orbital Command  
  60  14:13  SCV  
  61  14:17  Marine, Marauder  
  61  14:20  SCV  
  65  14:26  SCV  
  69  14:35  Marine  
  69  14:38  Marine, SCV  
  72  14:50  SCV  
  72  14:52  Marine  
  73  14:56  Marine  
  70  15:09  Orbital Command  
  70  15:14  Orbital Command  
  70  15:40  SCV  
  71  15:43  Refinery  
  71  15:44  Refinery  
  71  15:51  Liberator  
  19  17:00  Marine  
  20  17:02  Marine  
  21  17:18  Marine  
  21  17:20  Marine, SCV x2  
  24  17:32  SCV x2  
  26  17:44  SCV x2  
  21  18:54  Starport  
  18  18:56  Marine x2  
  20  19:14  Marine x2  
  20  19:15  Orbital Command  
  22  19:19  SCV  
  23  19:26  SCV  
  21  19:32  SCV  
Show
View Real Time Build Order
Export as new Build Order

ANDROID Terran 

Build Orders:  

Get SALT Encoding   

  12  0:01  SCV  
  13  0:13  SCV  
  14  0:29  Supply Depot  
  14  0:30  SCV  
  15  0:38  Supply Depot  
  15  0:40  Refinery  
  15  0:55  SCV, Barracks  
  16  1:08  Barracks  
  16  1:14  SCV  
  17  1:26  SCV  
  18  1:38  SCV  
  19  1:48  Bunker  
  19  1:50  SCV  
  19  1:51  Marine  
  21  2:02  Barracks Tech Lab  
  21  2:10  Factory  
  21  2:12  Orbital Command  
  21  2:17  Refinery  
  21  2:18  Marine  
  22  2:23  Marine  
  23  2:36  Marine  
  24  2:42  Marine  
  25  2:45  SCV  
  26  2:55  Supply Depot  
  26  2:57  SCV  
  27  3:05  Barracks Tech Lab  
  27  3:12  Siege Tank  
  30  3:15  Barracks Reactor  
  30  3:27  Marine  
  30  3:32  SCV  
  32  3:45  Marine  
  33  3:50  Command Center  
  33  3:53  Siege Tank  
  36  4:00  Combat Shields  
  36  4:03  Marine  
  37  4:10  SCV  
  38  4:22  SCV  
  38  4:23  Engineering Bay  
  39  4:44  Supply Depot  
  39  4:59  Starport  
  39  5:02  Marine x2, Siege Tank, SCV  
  45  5:10  Orbital Command  
  45  5:14  SCV  
  46  5:24  Missile Turret  
  41  5:44  Siege Tank  
  41  5:46  Missile Turret  
  44  5:52  Marine x3  
  44  5:55  Starport Reactor, Supply Depot  
  47  6:08  Bunker  
  47  6:10  Marine x3  
  50  6:19  Bunker  
  50  6:20  Refinery  
  50  6:22  SCV x2, Refinery  
  52  6:34  SCV x2  
  52  6:39  Sensor Tower  
  54  6:46  SCV x2  
  56  6:52  Supply Depot  
  56  6:57  Sensor Tower  
  56  6:58  SCV x2  
  56  6:59  Hi-Sec Auto Tracking  
  58  7:04  Viking  
  58  7:06  Medivac  
  62  7:14  SCV x2  
  64  7:17  Missile Turret  
  64  7:26  SCV x2  
  64  7:29  Siege Tank  
  64  7:56  Building Armor  
  64  8:04  Siege Tank  
  65  8:37  Factory  
  65  8:39  Factory  
  65  8:43  Armory  
  65  8:47  Armory  
  65  8:51  Viking  
  65  8:52  Viking  
  69  9:21  Factory  
  69  9:22  Marine  
  70  9:28  Marine  
  70  9:29  Marauder  
  73  9:36  Terran Infantry Weapons Level 1  
  73  9:45  Thor  
  73  9:50  Factory Tech Lab x2, Marauder  
  81  9:53  Terran Vehicle And Ship Armor Level 1, Terran Vehicle Weapons Level 1  
  80  10:39  Medivac x2  
  84  10:49  Thor  
  84  10:50  Factory Tech Lab  
  90  11:00  Supply Depot  
  90  11:02  Supply Depot  
  90  11:04  Supply Depot  
  90  11:07  Supply Depot  
  90  11:22  Thor x2  
  90  11:24  Command Center  
  90  11:25  Supply Depot  
  102  11:27  Supply Depot  
  102  11:29  Supply Depot  
  102  11:30  Supply Depot  
  97  12:05  Missile Turret  
  97  12:21  Medivac x2  
  101  12:32  SCV x2  
  103  12:39  Missile Turret  
  103  12:44  SCV x2  
  103  12:45  Planetary Fortress  
  102  12:56  SCV  
  77  13:08  SCV  
  73  13:20  SCV  
  74  13:32  SCV  
  61  14:08  Siege Tank  
  64  14:21  SCV x2  
  66  14:33  SCV x2  
  68  14:43  Viking x2  
  68  14:45  SCV x2  
  74  14:57  SCV  
  74  14:58  SCV  
  76  15:09  SCV  
  76  15:10  SCV  
  76  15:13  Viking x2  
  78  15:22  Factory Tech Lab  
  78  15:25  Factory Tech Lab  
  78  15:30  Factory Tech Lab  
  78  15:33  Terran Infantry Armor Level 1  
  78  15:38  Armory  
  78  15:48  Refinery  
  78  15:52  Missile Turret, Refinery  
  78  16:04  Command Center  
  78  16:58  Viking x2  
  82  17:03  Thor  
  88  17:19  Marine  
  88  17:21  Marine x2  
  91  17:28  Viking  
  89  17:37  Marine  
  89  17:38  Marine  
  89  17:39  Marine  
  92  17:46  Thor  
  98  17:54  Marine  
  98  17:56  Marine  
  99  18:12  Marine  
  99  18:25  Starport  
  99  18:29  Thor  
  99  18:30  Marine  
  106  18:35  Starport Tech Lab  
  97  19:05  Starport  
  97  19:32  Starport Tech Lab  
Tags
 
Add a new tag
Caveats
  • Supply blocks, unpowered buildings, or Contaminate may cause inaccurate times.
  • Supply counts are checked every 10 seconds.